[Event "German Bundesliga 2023-24"]
[Site "Germany"]
[Date "2024.02.04"]
[Round "8.14"]
[White "Adams, Michael"]
[Black "Hampel, Felix"]
[Result "1-0"]
[ECO "B47"]
[WhiteElo "2674"]
[BlackElo "2298"]
[Annotator "TA"]
[PlyCount "101"]
[EventDate "2023.10.20"]
[EventType "team-tourn"]
[EventCountry "GER"]
[SourceTitle "playchess.com"]
[Source "ChessBase"]
[SourceQuality "1"]
[TimeControl "40/6000+30:3000+30"]

1. e4 c5 2. Nf3 e6 3. d4 cxd4 4. Nxd4 Nc6 5. Nc3 Qc7 6. Qd3 Nf6 7. Ndb5 Qb8 8. Qg3 {[%emt 0:00:11] The position is equal.} d6 $1 {[%emt 0:00:13] [#] ...a6 is the strong threat.} 9. Be3 {[%emt 0:00:15] And now 0-0-0 would win.} (9. Bf4 Nh5 10. Qg5 Nxf4 11. Qxf4 a6 $17) 9... a6 10. Nd4 h5 11. f3 Bd7 12. O-O-O b5 13. Nxc6 Bxc6 14. Kb1 b4 15. Ne2 e5 {[%emt 0:01:37] Inhibits Nd4.} 16. Nc1 a5 17. Bc4 a4 18. Qe1 Qb7 (18... Be7 $11 {keeps the balance.}) 19. Nd3 $16 {[%emt 0:08:09] White is more active.} Rb8 20. Bd2 $36 {[%emt 0:01:57][%mdl 2048] White is in control.} Bb5 (20... Bd7 $142) 21. Bxb5+ Qxb5 22. Bxb4 Be7 23. Rc1 Qc4 24. a3 Rc8 25. Qd2 Qe6 26. c3 O-O 27. Qc2 Ra8 28. Rhe1 Rfc8 29. Rcd1 Bf8 30. Nf2 d5 31. Bxf8 Kxf8 32. Qd2 dxe4 33. Nxe4 Ra6 34. Nxf6 Qxf6 35. Re4 Qg6 36. Ka1 f6 37. Rb4 Rca8 38. Rb7 {[%emt 0:01:21] Strongly threatening Qd5.} Kg8 39. Qf2 Re6 40. Rdd7 e4 (40... Ree8 $142 41. Rxg7+ Qxg7 42. Rxg7+ Kxg7) 41. fxe4 Rxe4 42. Ka2 Rg4 43. Qf3 Ra5 44. g3 Re5 45. Rb8+ Re8 46. Qd5+ Kh7 47. Rxe8 Qxe8 48. c4 {[%emt 0:00:00] Rd8 would now be deadly.} Rxc4 $2 {[%emt 0:00:00] [#]} (48... Re4 49. Rd8 Qg6) 49. Rd8 $1 $18 ({Stronger than} 49. Rxg7+ Kxg7 50. Qxc4 Qd7 $14) 49... Qe2 50. Qf5+ g6 51. Qxf6 {[%emt 0:00:00] Weighted Error Value: White=0.08 (flawless) /Black=0.34.  Mistake:       	---       	Black=4      Inaccurate:     	White=1     	Black=4      OK:         	White=24    	Black=13     Best:        	White=2     	Black=4      Strong:       	White=1     	Black=1} 1-0

[Event "German Bundesliga 2023-24"]
[Site "Germany"]
[Date "2024.02.04"]
[Round "8.14"]
[White "Meshkovs, Nikita"]
[Black "Saltaev, Mihail"]
[Result "1-0"]
[ECO "E06"]
[WhiteElo "2526"]
[BlackElo "2441"]
[Annotator "RC"]
[PlyCount "87"]
[EventDate "2023.10.20"]
[EventType "team-tourn"]
[EventCountry "GER"]
[SourceTitle "playchess.com"]
[Source "ChessBase"]
[SourceQuality "1"]
[TimeControl "40/6000+30:3000+30"]

1. d4 d5 2. Nf3 Nf6 3. c4 e6 4. g3 Be7 5. Bg2 O-O 6. Nc3 dxc4 7. Ne5 c5 8. dxc5 Qxd1+ 9. Nxd1 Bxc5 10. Ne3 Nbd7 11. N5xc4 Rb8 12. Na5 Ne5 13. O-O b6 14. Nb3 Bxe3 15. Bxe3 Nc4 16. Bg5 h6 17. Bxf6 gxf6 18. Rfc1 Nxb2 19. Rab1 Na4 20. Rc7 Rd8 21. Rbc1 a6 22. R1c4 b5 23. Rd4 Rf8 24. Na5 e5 25. Rd6 Be6 26. Nc6 Rb6 27. Bd5 Bxd5 28. Rxd5 Kg7 29. Nd8 Kg6 30. g4 f5 31. gxf5+ Kxf5 32. Nxf7 Rg6+ 33. Kf1 Nb6 34. Rxe5+ Kf6 35. Re3 Nd5 36. Rf3+ Kg7 37. Ra7 Kg8 38. Rg3 Rxg3 39. Nxh6+ Kh8 40. hxg3 Rf6 41. Ng4 Rc6 42. e4 Nc7 43. Ne3 b4 44. Nd5 1-0

[Event "German Bundesliga 2023-24"]
[Site "Germany"]
[Date "2024.02.04"]
[Round "8.14"]
[White "Cyborowski, Lukasz"]
[Black "Pruijssers, Roeland"]
[Result "1/2-1/2"]
[ECO "D63"]
[WhiteElo "2479"]
[BlackElo "2539"]
[Annotator "RC"]
[PlyCount "45"]
[EventDate "2023.10.20"]
[EventType "team-tourn"]
[EventCountry "GER"]
[SourceTitle "playchess.com"]
[Source "ChessBase"]
[SourceQuality "1"]
[TimeControl "40/6000+30:3000+30"]

1. d4 d5 2. c4 e6 3. Nc3 Nf6 4. Bg5 Be7 5. e3 h6 6. Bh4 Nbd7 7. Nf3 O-O 8. Rc1 c5 9. cxd5 Nxd5 10. Bxe7 Nxe7 11. Bb5 cxd4 12. Qxd4 Nf6 13. O-O Qxd4 14. Nxd4 Rd8 15. Rfd1 Bd7 16. Kf1 Rac8 17. Bxd7 Rxd7 18. Ke2 Kf8 19. Ncb5 a6 20. Rxc8+ Nxc8 21. Rc1 Nb6 22. Nc3 Ke7 23. Rc2 1/2-1/2

[Event "German Bundesliga 2023-24"]
[Site "Germany"]
[Date "2024.02.04"]
[Round "8.15"]
[White "Wagner, Dennis"]
[Black "Bischoff, Klaus"]
[Result "1-0"]
[ECO "A40"]
[WhiteElo "2599"]
[BlackElo "2455"]
[Annotator "ChessBase"]
[PlyCount "51"]
[EventDate "2023.10.20"]
[EventType "team-tourn"]
[EventCountry "GER"]
[SourceTitle "playchess.com"]
[Source "ChessBase"]
[SourceQuality "1"]
[TimeControl "40/6000+30:3000+30"]

1. d4 e6 2. c4 Bb4+ 3. Nd2 Nf6 4. a3 Be7 5. e4 d5 6. e5 Nfd7 7. Bd3 dxc4 8. Nxc4 Nb6 9. Qg4 g6 10. Nf3 Nxc4 11. Bxc4 Nd7 12. Bh6 Nb6 13. Ba2 Bd7 14. Ng5 Nd5 15. h4 Bb5 16. Qf3 Bxg5 17. Bxg5 Qd7 18. h5 Bc6 19. Rc1 Ne7 20. Qf6 Rg8 21. hxg6 Nxg6 22. Rxh7 Qe7 23. d5 Qxf6 24. Bxf6 exd5 25. g3 Nf8 26. Rh5 1-0

[Event "German Bundesliga 2023-24"]
[Site "Germany"]
[Date "2024.02.04"]
[Round "8.15"]
[White "Buckels, Valentin"]
[Black "Thybo, Jesper Sondergaard"]
[Result "1/2-1/2"]
[ECO "D02"]
[WhiteElo "2429"]
[BlackElo "2522"]
[Annotator "RC"]
[PlyCount "43"]
[EventDate "2023.10.20"]
[EventType "team-tourn"]
[EventCountry "GER"]
[SourceTitle "playchess.com"]
[Source "ChessBase"]
[SourceQuality "1"]
[TimeControl "40/6000+30:3000+30"]

1. d4 Nf6 2. Nf3 d5 3. Bf4 c5 4. e3 Nc6 5. Be2 Bg4 6. Nbd2 e6 7. O-O Be7 8. dxc5 Bxc5 9. c4 O-O 10. Rc1 Be7 11. Ne5 Bxe2 12. Qxe2 Bd6 13. Ndf3 Nxe5 14. Nxe5 Qe7 15. cxd5 Nxd5 16. Bg3 Rac8 17. Qd2 Rfd8 18. Rxc8 Rxc8 19. Rc1 Rxc1+ 20. Qxc1 Qc7 21. Qxc7 Bxc7 22. Kf1 1/2-1/2

[Event "German Bundesliga 2023-24"]
[Site "Germany"]
[Date "2024.02.04"]
[Round "8.15"]
[White "Reuker, Jari"]
[Black "Jaracz, Pawel"]
[Result "1-0"]
[ECO "D11"]
[WhiteElo "2403"]
[BlackElo "2472"]
[Annotator "RC"]
[PlyCount "103"]
[EventDate "2023.10.20"]
[EventType "team-tourn"]
[EventCountry "GER"]
[SourceTitle "playchess.com"]
[Source "ChessBase"]
[SourceQuality "1"]
[TimeControl "40/6000+30:3000+30"]

1. d4 d5 2. c4 c6 3. Nf3 Nf6 4. g3 Bg4 5. Ne5 Bf5 6. Qb3 Bc8 7. Bg2 dxc4 8. Qxc4 Be6 9. Qd3 Nbd7 10. Nf3 Nb6 11. Nc3 Bc4 12. Qc2 e6 13. O-O Be7 14. Rd1 O-O 15. b3 Ba6 16. e4 Rc8 17. Be3 Nbd7 18. h3 Bb4 19. Na4 b6 20. a3 Be7 21. b4 Bb7 22. Nc3 h6 23. Rac1 Ne8 24. g4 Nd6 25. Qb3 Ne8 26. Ne5 Nef6 27. f4 Nxe5 28. dxe5 Nd7 29. Rd2 Rc7 30. Qd1 Ba6 31. Qf3 c5 32. b5 Bb7 33. a4 Qa8 34. Qg3 c4 35. f5 Bc5 36. Re1 Rd8 37. g5 hxg5 38. Qxg5 f6 39. exf6 Nxf6 40. Bxc5 Rxc5 41. e5 Rxd2 42. Qxd2 Nh7 43. Bxb7 Qxb7 44. Qd8+ Nf8 45. fxe6 Qf3 46. Ne4 Rxe5 47. e7 Qf7 48. exf8=Q+ Qxf8 49. Qxf8+ Kxf8 50. Kf2 Rd5 51. Re3 Rd1 52. Rc3 1-0

[Event "German Bundesliga 2023-24"]
[Site "Germany"]
[Date "2024.02.04"]
[Round "8.15"]
[White "Voege, Tobias"]
[Black "Bacrot, Etienne"]
[Result "1/2-1/2"]
[ECO "E11"]
[WhiteElo "2283"]
[BlackElo "2668"]
[Annotator "TA"]
[PlyCount "93"]
[EventDate "2023.10.20"]
[EventType "team-tourn"]
[EventCountry "GER"]
[SourceTitle "playchess.com"]
[Source "ChessBase"]
[SourceQuality "1"]
[TimeControl "40/6000+30:3000+30"]

1. d4 Nf6 2. c4 e6 3. Nf3 Bb4+ 4. Bd2 c5 5. e3 O-O 6. Bd3 Bxd2+ 7. Qxd2 cxd4 8. exd4 b6 9. O-O Bb7 10. Qf4 d5 11. Nbd2 dxc4 12. Nxc4 Nc6 13. a3 Ne7 14. Nce5 Qd6 15. Rad1 Rad8 16. Rfe1 h6 17. Qh4 Rc8 18. h3 Rc7 19. Nh2 Qd5 20. f3 Rfc8 21. Qf4 Qd8 22. Bb1 Bc6 (22... Ned5 {simplifies} 23. Qh4 Ne8 24. Qxd8 Rxd8 25. Nf1 Nd6) 23. Rc1 Bb5 24. Rxc7 Rxc7 25. Nhg4 Ned5 26. Qg3 Nxg4 27. Nxg4 Qg5 28. Be4 {[%emt 0:00:10] And now Bxd5 would win.} Qf4 29. Qf2 Rc1 30. Rxc1 Qxc1+ 31. Kh2 Nf4 {[%emt 0:01:06] White must now prevent ...f5.} 32. Qh4 $2 (32. Qe3 $17 Qxe3 (32... Qxb2 $2 33. Qxf4 f5 34. Qe5 $18) 33. Nxe3) 32... Qc7 $2 (32... Qxb2 33. Qd8+) (32... f5 $1 $19 {is more deadly.} 33. Qd8+ Kh7) 33. Qg3 $17 Kf8 34. Ne5 g5 ({Black should play} 34... Qc1 $17 {[%cal Og7g5] Strongly threatening ...g5!} 35. Qf2 g6) 35. h4 $15 {[%emt 0:00:31] [#]} Qd8 36. hxg5 (36. Bc6 $17 Ba6 (36... gxh4 37. Qxf4 f6 38. Qxh6+ Ke7 39. Qg7+ Kd6 40. Bxb5 a6 41. Nf7+ Kd5 42. Nxd8) 37. Qf2) 36... hxg5 $19 37. Bc6 Bxc6 (37... Qxd4 $2 {loses.} 38. Qxg5 (38. Nd7+ Kg7 $18) 38... Bxc6 39. Qf6 $18 (39. Nxc6 Qd6 $11)) (37... Ba6 $19 {[%cal Of8g7] Hoping for ...Kg7!} 38. Ng4 Qxd4) 38. Nxc6 {[%emt 0:00:03][%mdl 4096] Endgame. [#] KQN-KQN} Qf6 ({Black should try} 38... Qd5 $1 $17 39. Nxa7 Qf5) 39. Qe1 $1 $11 {[%emt 0:00:30] The position is equal.} a5 40. Ne5 $36 {[%emt 0:00:40][%mdl 2048] Threatens to win with Nd7+. White has good play.} Kg7 41. Qe4 Nd5 42. g3 Qd8 43. Ng4 Qc8 44. Ne3 Nxe3 45. Qxe3 Qc2+ 46. Kh3 Kg6 47. b3 {[%emt 0:06:50] Whites escaped into a draw.   Weighted Error Value: White=0.21 (precise) /Black=0.27 (precise) .  Loses game:     	White=1     	---        Missed win:     	---       	Black=1      Mistake:       	White=1     	Black=3      Inaccurate:     	White=4     	Black=2      OK:         	White=10    	Black=13     Best:        	White=4     	Black=1      Strong:       	White=1     	---} 1/2-1/2

[Event "German Bundesliga 2023-24"]
[Site "Germany"]
[Date "2024.02.04"]
[Round "8.16"]
[White "Movsesian, Sergei"]
[Black "Sreyas Payyappat"]
[Result "1-0"]
[ECO "B12"]
[WhiteElo "2605"]
[BlackElo "2075"]
[Annotator "ChessBase"]
[PlyCount "105"]
[EventDate "2023.10.20"]
[EventType "team-tourn"]
[EventCountry "GER"]
[SourceTitle "playchess.com"]
[Source "ChessBase"]
[SourceQuality "1"]
[TimeControl "40/6000+30:3000+30"]

1. e4 c6 2. d4 d5 3. e5 Bf5 4. Nf3 e6 5. Be2 Ne7 6. Nbd2 c5 7. dxc5 Nec6 8. Nb3 Nd7 9. Be3 Qc7 10. Nfd4 Qxe5 11. O-O Be7 12. Bb5 Rc8 13. Re1 O-O 14. Bxc6 bxc6 15. Bg5 Bxc2 16. Rxe5 Bxd1 17. Bxe7 Bxb3 18. Bxf8 Kxf8 19. Re3 Bc4 20. Ra3 e5 21. Nf5 Nxc5 22. Rxa7 Rd8 23. Ne3 Bb5 24. a4 Nxa4 25. R1xa4 Bxa4 26. Rxa4 Rb8 27. Nd1 d4 28. Rc4 Rb6 29. f4 f6 30. fxe5 fxe5 31. Rc5 e4 32. Kf1 Kf7 33. Rc4 c5 34. Rxc5 Rf6+ 35. Ke1 Rg6 36. g3 Rh6 37. h4 Rg6 38. Rf5+ Ke6 39. Rg5 Rxg5 40. hxg5 Kd5 41. Ke2 Kc4 42. Nf2 e3 43. Nd3 Kb3 44. Kd1 Ka4 45. Kc2 Ka5 46. Nf4 Kb4 47. Kd3 Kb3 48. Kxd4 e2 49. Nxe2 Kxb2 50. Nf4 Kc2 51. Nh5 Kd2 52. Nxg7 Ke2 53. Ke4 1-0

[Event "German Bundesliga 2023-24"]
[Site "Germany"]
[Date "2024.02.04"]
[Round "8.16"]
[White "Fromm, Marius"]
[Black "Gungl, Theo"]
[Result "1-0"]
[ECO "B82"]
[WhiteElo "2435"]
[BlackElo "2372"]
[Annotator "RC"]
[PlyCount "109"]
[EventDate "2023.10.20"]
[EventType "team-tourn"]
[EventCountry "GER"]
[SourceTitle "playchess.com"]
[Source "ChessBase"]
[SourceQuality "1"]
[TimeControl "40/6000+30:3000+30"]

1. e4 c5 2. Nf3 d6 3. d4 cxd4 4. Nxd4 Nf6 5. Nc3 a6 6. f4 e6 7. Qf3 Qb6 8. a3 Nc6 9. Nxc6 Qxc6 10. Bd3 b5 11. Be3 Bb7 12. g4 Nd7 13. O-O-O Rc8 14. g5 Nc5 15. f5 exf5 16. Qxf5 Qd7 17. Rhf1 Qe6 18. Bd4 h6 19. g6 fxg6 20. Qxe6+ Nxe6 21. e5 d5 22. Bxg6+ Kd7 23. Be3 Rxc3 24. Rf7+ Kc6 25. bxc3 Bxa3+ 26. Kb1 Bc8 27. Ka2 Bf8 28. Rdf1 b4 29. Rb1 Nc7 30. Bf5 Bxf5 31. Rxf5 Nb5 32. Kb3 Nxc3 33. Ra1 Bc5 34. Bxc5 Kxc5 35. Rxa6 Re8 36. Rf4 Ne2 37. Rf7 Rxe5 38. Rxg7 Re3+ 39. Kb2 Nc3 40. Rc7+ Kb5 41. Ra8 Na4+ 42. Kc1 Nb6 43. Rb8 Re6 44. Kd2 Re4 45. Kd3 Re6 46. h4 h5 47. Rh7 Rc6 48. Rxh5 Rc3+ 49. Kd4 Rc4+ 50. Ke3 Kc5 51. Rhh8 Re4+ 52. Kf3 Nc4 53. h5 Nd6 54. h6 Nf7 55. h7 1-0

[Event "German Bundesliga 2023-24"]
[Site "Germany"]
[Date "2024.02.04"]
[Round "8.16"]
[White "Geirnaert, Steven"]
[Black "Schulze, Lara"]
[Result "0-1"]
[ECO "E20"]
[WhiteElo "2432"]
[BlackElo "2293"]
[Annotator "ChessBase"]
[PlyCount "64"]
[EventDate "2023.10.20"]
[EventType "team-tourn"]
[EventCountry "GER"]
[SourceTitle "playchess.com"]
[Source "ChessBase"]
[SourceQuality "1"]
[TimeControl "40/6000+30:3000+30"]

1. d4 Nf6 2. c4 e6 3. Nc3 Bb4 4. f3 c5 5. d5 b5 6. e4 d6 7. dxe6 Bxe6 8. Bf4 O-O 9. Bxd6 Re8 10. cxb5 Nd5 11. Be5 Nd7 12. exd5 Bf5 13. f4 Nxe5 14. fxe5 Qh4+ 15. g3 Qe4+ 16. Kf2 Qxh1 17. Nf3 c4 18. Qd4 Rac8 19. Na4 h5 20. h3 Bxh3 21. Rd1 g5 22. d6 Re6 23. Qe3 Rg6 24. a3 Ba5 25. d7 Rd8 26. Qxa7 Rxd7 27. Bxh3 Rxd1 28. Qa8+ Kg7 29. Bg2 Be1+ 30. Ke2 Qxg2+ 31. Kxd1 Bxg3 32. b6 Qf1+ 0-1

[Event "German Bundesliga 2023-24"]
[Site "Germany"]
[Date "2024.02.23"]
[Round "9.1"]
[White "Kadric, Denis"]
[Black "Shevchenko, Kirill"]
[Result "0-1"]
[ECO "B89"]
[WhiteElo "2579"]
[BlackElo "2651"]
[Annotator "TA"]
[PlyCount "56"]
[EventDate "2023.10.20"]
[EventType "team-tourn"]
[EventCountry "GER"]
[SourceTitle "playchess.com"]
[Source "ChessBase"]
[SourceQuality "1"]
[TimeControl "40/6000+30:3000+30"]

1. e4 c5 2. Nf3 d6 3. d4 cxd4 4. Nxd4 Nf6 5. Nc3 Nc6 6. Bc4 e6 7. Be3 Bd7 8. Bb3 Nxd4 9. Qxd4 Be7 10. O-O-O {[%emt 0:00:57] The position is equal.} O-O 11. f4 b5 12. a3 a5 13. e5 Ng4 {[%emt 0:00:58][%cal Ob5b4] Hoping for ...b4!} (13... dxe5 14. fxe5 Nd5 15. Nxd5 exd5 16. Qxd5 $16 (16. Bxd5 Bf5 $18)) 14. exd6 Bf6 15. Qb6 {[%emt 0:02:02] [#]} ({Better is} 15. Qd2 $11) 15... b4 $1 $15 16. Ne4 (16. axb4 Nxe3) 16... a4 $1 17. Ba2 {[%emt 0:01:20] [#] Loses the game.} (17. Qxd8 $2 Bxd8 18. Bd4 axb3 $19) (17. Bc4 $17 bxa3 18. bxa3) 17... b3 $1 $19 18. Bb1 {[%emt 0:18:21] [#]} (18. cxb3 axb3) 18... bxc2 $1 19. Bxc2 {[%emt 0:00:12] [#]} Bxb2+ $1 20. Qxb2 (20. Kxb2 $2 {is the wrong capture.} Rb8 21. Bd4 Rxb6+ $19) 20... Nxe3 21. Rd3 Nxc2 (21... Nxg2 $2 {perishes.} 22. Rg3 e5 23. Rxg2 $18 (23. Qxe5 f6 $18)) 22. Qxc2 (22. Rg3 $142 f6 (22... e5 23. Qxe5 f6 24. Qe7 $17) 23. Qxc2) 22... Rc8 23. Rc3 Rxc3 24. Nxc3 Qb6 25. Rd1 Rc8 {[%emt 0:00:47][%cal Oe6e5] Black is clearly winning.} 26. g3 Qc5 27. Kb2 Rb8+ 28. Ka1 Rb3 {[%emt 0:01:01] Weighted Error Value: White=0.33/Black=0.07 (flawless) .  Mistake:       	White=3     	---        Inaccurate:     	White=1     	Black=1      OK:         	White=2     	Black=12     Best:        	White=2     	Black=1      Strong:       	---       	Black=2      Brilliant:      	---       	Black=2} ({Not} 28... Qxa3+ 29. Na2 $19) 0-1

[Event "German Bundesliga 2023-24"]
[Site "Germany"]
[Date "2024.02.23"]
[Round "9.2"]
[White "Ivic, Velimir"]
[Black "Brkic, Ante"]
[Result "1/2-1/2"]
[ECO "B87"]
[WhiteElo "2557"]
[BlackElo "2606"]
[Annotator "TA"]
[PlyCount "71"]
[EventDate "2023.10.20"]
[EventType "team-tourn"]
[EventCountry "GER"]
[SourceTitle "playchess.com"]
[Source "ChessBase"]
[SourceQuality "1"]
[TimeControl "40/6000+30:3000+30"]

1. e4 c5 2. Nf3 d6 3. d4 cxd4 4. Nxd4 Nf6 5. Nc3 a6 6. Bc4 e6 7. Be3 b5 8. Bb3 Be7 9. a3 O-O 10. Qe2 Bb7 11. f3 Nc6 12. O-O-O b4 13. Nxc6 {[%emt 0:02:17] The position is equal.} Bxc6 14. axb4 Qb8 15. Rd4 Ne8 16. Rhd1 Bf6 17. Rc4 Qb7 18. Qd2 Bb5 19. Rd4 Bxd4 20. Bxd4 a5 21. e5 ({White should play} 21. Nxb5 $15 Qxb5 22. bxa5 Qxa5 (22... Rxa5 23. c4 $11) 23. Qxa5 Rxa5 24. Kb1) 21... axb4 $17 22. Nb1 Ba4 (22... Bc6 $17 {aiming for ...dxe5.} 23. exd6 Qb5 (23... Nxd6 24. Bxg7 Kxg7 25. Qg5+ Kh8 26. Qf6+ Kg8 27. Qg5+ Kh8 28. Qf6+ Kg8 29. Qg5+ Kh8 $11)) 23. Bxa4 $1 $15 Rxa4 24. exd6 Ra5 {[%emt 0:05:56][%cal Oa5d5] Inhibits Qg5. Threatens to win with ...Rd5!} ({But not} 24... Nxd6 25. Bxg7 Kxg7 26. Qg5+ Kh8 27. Qf6+ Kg8 28. Qg5+ Kh8 29. Qf6+ Kg8 30. Qg5+ Kh8 $11) 25. d7 $1 Rd5 (25... Qxd7 $11 26. Qxb4 Rd5) 26. dxe8=Q Rxe8 27. Qf2 Rc8 28. Be3 (28. f4 {looks sharper.} Qa6 29. b3 Qa2 30. Rd3) 28... Rxd1+ 29. Kxd1 b3 (29... Qa6 $14 {feels stronger.}) 30. c3 $1 $16 Qa6 31. Qe2 {[%emt 0:02:42] Dodges Qd3+} Rd8+ {[%emt 0:00:27] [#]} 32. Bd2 (32. Bd4 $1 $16 Qd6 33. Nd2 Qxh2 34. g4 (34. Nxb3 e5 $17) 34... Qh1+ 35. Qe1) 32... Qa7 33. Qe1 {[%emt 0:09:08] Dodges Qg1} Qa6 34. Qe2 Qa7 35. Qe1 {[%emt 0:00:10] Wards off Qg1} (35. Qf1 $11) 35... Qa6 {[%emt 0:00:01] [#]} 36. Qe2 {[%emt 0:00:15] Weighted Error Value: White=0.16 (very precise) /Black=0.18 (very precise) .  Mistake:       	White=4     	Black=3      Inaccurate:     	White=1     	Black=3      OK:         	White=10    	Black=12     Best:        	---       	Black=1      Strong:       	White=3     	---} (36. Na3 $1 $16) 1/2-1/2

[Event "German Bundesliga 2023-24"]
[Site "Germany"]
[Date "2024.02.23"]
[Round "9.4"]
[White "Areshchenko, Alexander"]
[Black "Markus, Robert"]
[Result "1/2-1/2"]
[ECO "C41"]
[WhiteElo "2625"]
[BlackElo "2582"]
[Annotator "TA"]
[PlyCount "69"]
[EventDate "2023.10.20"]
[EventType "team-tourn"]
[EventCountry "GER"]
[SourceTitle "playchess.com"]
[Source "ChessBase"]
[SourceQuality "1"]
[TimeControl "40/6000+30:3000+30"]

1. e4 d6 2. d4 Nf6 3. Nc3 e5 4. Nf3 Nbd7 5. Bc4 Be7 6. a4 O-O 7. O-O exd4 8. Qxd4 Nc5 9. Re1 Bg4 {[%emt 0:03:14] The position is equal.} 10. Nd2 c6 11. Nf1 Re8 12. Ng3 Be6 13. Bf1 a5 14. b3 d5 (14... Ng4 {looks sharper.} 15. Nh5 Bf8 16. h3 Ne5) 15. exd5 Nxd5 16. Nxd5 Qxd5 17. Qxd5 Bxd5 18. Ba3 {[%emt 0:04:35][%cal Oe1e7] [#] And now Rxe7! would win.} Bf8 19. Nf5 Be4 20. Ne3 Ne6 21. Bxf8 Kxf8 22. Rad1 Rad8 23. f3 Bg6 24. Kf2 Ke7 25. h4 h6 26. Bc4 Rxd1 27. Rxd1 Nc5 28. g4 Bh7 29. Rd2 g5 30. h5 Rf8 31. Be2 f5 32. Ke1 fxg4 33. fxg4 Ne4 34. Rd4 Nd6 35. Bd3 {[%emt 0:01:37] A balanced but interesting game.   Weighted Error Value: White=0.05 (flawless) /Black=0.02 (flawless) .  Inaccurate:     	White=1     	---        OK:         	White=10    	Black=13     Best:        	---       	Black=1} 1/2-1/2

[Event "German Bundesliga 2023-24"]
[Site "Germany"]
[Date "2024.02.23"]
[Round "9.5"]
[White "Stevic, Hrvoje"]
[Black "Efimenko, Zahar"]
[Result "1/2-1/2"]
[ECO "C48"]
[WhiteElo "2549"]
[BlackElo "2575"]
[Annotator "TA"]
[PlyCount "56"]
[EventDate "2023.10.20"]
[EventType "team-tourn"]
[EventCountry "GER"]
[SourceTitle "playchess.com"]
[Source "ChessBase"]
[SourceQuality "1"]
[TimeControl "40/6000+30:3000+30"]

1. e4 e5 2. Nf3 Nc6 3. Nc3 Nf6 4. Bb5 Bd6 5. d3 O-O 6. O-O Nd4 7. Nxd4 exd4 8. Ne2 c6 9. Bc4 Bc7 10. Bf4 Bxf4 11. Nxf4 b5 12. Bb3 d6 13. c3 dxc3 {[%emt 0:02:29] The position is equal.} 14. bxc3 a5 15. a3 Re8 16. Re1 Qc7 17. Qd2 Bb7 18. c4 bxc4 19. Bxc4 d5 20. exd5 Rxe1+ 21. Rxe1 cxd5 22. Bb5 Qd6 23. a4 h6 24. Ne2 Bc6 25. Rb1 Bxb5 26. Rxb5 Qa3 27. Qc2 Qa1+ 28. Rb1 Qe5 {[%emt 0:04:17] Not much happened in this game.   Weighted Error Value: White=0.02 (flawless) /Black=0.01 (flawless) .  OK:         	White=12    	Black=12     Best:        	---       	Black=3} 1/2-1/2

[Event "German Bundesliga 2023-24"]
[Site "Germany"]
[Date "2024.02.23"]
[Round "9.6"]
[White "Aditya Mittal"]
[Black "Jovanovic, Zoran"]
[Result "1-0"]
[ECO "E94"]
[WhiteElo "2588"]
[BlackElo "2513"]
[Annotator "TA"]
[PlyCount "89"]
[EventDate "2023.10.20"]
[EventType "team-tourn"]
[EventCountry "GER"]
[SourceTitle "playchess.com"]
[Source "ChessBase"]
[SourceQuality "1"]
[TimeControl "40/6000+30:3000+30"]

1. d4 d6 2. Nf3 Nf6 3. c4 g6 4. Nc3 Bg7 5. e4 O-O 6. Be2 e5 7. O-O Bg4 8. d5 a5 9. h3 Bxf3 10. Bxf3 Nbd7 11. Rb1 {[%emt 0:02:00] White is slightly better.} h5 12. Bg5 Qc8 13. a3 Nh7 14. Bd2 Bf6 15. b4 Bg5 16. Be1 h4 17. Nb5 b6 18. Be2 Qd8 19. Bd3 Nhf6 20. Bc3 Nh5 21. Re1 Kh7 22. Be2 {[%emt 0:07:48] White is much more active.} Ng7 23. Qc2 f5 24. Bf3 Bf4 25. Bb2 Rf7 26. Kh1 Kg8 27. Re2 Kh7 28. Rg1 Bh6 29. Ree1 Bf4 30. Bc3 Bh6 31. Rd1 Bg5 32. Rb1 Bf4 33. Qe2 axb4 34. axb4 Nf6 35. exf5 gxf5 36. g3 hxg3 37. fxg3 Bh6 38. g4 (38. Qc2 {simplifies} Kh8 39. Ra1 Rxa1 40. Rxa1 Qg8 41. Kh2) 38... e4 $2 {[%emt 0:01:00][%mdl 8192] [#] A mistake that costs the game.} (38... fxg4 $11 39. hxg4 Bf4) 39. g5 $1 $18 {[%emt 0:02:45] aiming for g6+.} exf3 40. Qxf3 Bxg5 41. Rxg5 Nfe8 42. Qf4 {[%emt 0:00:00] Black is weak on the dark squares} Qe7 43. Re1 Qf8 44. Qh4+ Kg8 45. Rg6 {[%emt 0:00:00] Weighted Error Value: White=0.11 (very precise) /Black=0.41.  Loses game:     	---       	Black=1      Inaccurate:     	White=8     	Black=5      OK:         	White=7     	Black=12     Strong:       	White=1     	---} 1-0

[Event "German Bundesliga 2023-24"]
[Site "Germany"]
[Date "2024.02.23"]
[Round "9.7"]
[White "Kovacevic, Aleksandar"]
[Black "Pruijssers, Roeland"]
[Result "1/2-1/2"]
[ECO "C42"]
[WhiteElo "2445"]
[BlackElo "2539"]
[Annotator "TA"]
[PlyCount "51"]
[EventDate "2023.10.20"]
[EventType "team-tourn"]
[EventCountry "GER"]
[SourceTitle "playchess.com"]
[Source "ChessBase"]
[SourceQuality "1"]
[TimeControl "40/6000+30:3000+30"]

1. e4 e5 2. Nf3 Nf6 3. Nxe5 d6 4. Nf3 Nxe4 5. d4 d5 6. Bd3 Bd6 7. O-O O-O 8. c4 c6 9. Nc3 Nxc3 10. bxc3 dxc4 11. Bxc4 Bf5 12. Ng5 {[%emt 0:05:29] [#] aiming for g4.} h6 13. Qf3 Bg6 14. Ne4 {[%emt 0:01:07] The position is equal.} Bxh2+ 15. Kxh2 {[%emt 0:00:08] Hoping for Re1.} Qh4+ 16. Qh3 Qxh3+ ({Much worse is} 16... Qxe4 $6 17. Ba3 Rd8 18. f4 $16) 17. gxh3 Bxe4 18. Rg1 Re8 19. Bxh6 g6 20. h4 Nd7 21. h5 Kh7 22. Be3 Bd5 23. Bd3 {[%emt 0:03:39][%cal Oa1b1] Rab1! would now be deadly.} Be4 24. Bc4 Bd5 25. Bd3 Be4 26. Bc4 {[%emt 0:01:19] An uneventful encounter.   Weighted Error Value: White=0.06 (flawless) /Black=0.02 (flawless) .  OK:         	White=8     	Black=10     Best:        	---       	Black=1} 1/2-1/2